 Dungeon Crawl Stone Soup version 0.23-b1-51-gfe822ef6ca (webtiles) character file.

Game seed: 4680517875083139329

114 LostNumber the Grasshopper (level 4, -3/38 HPs)
             Began as a Gnoll Warper on Feb 3, 2019.
             Killed by nerve-wracking pain
             ... invoked by Grinder
              (6 damage)
             ... while paralysed by Grinder
             ... on level 3 of the Dungeon.
             The game lasted 00:05:56 (1524 turns).

LostNumber the Grasshopper (Gnoll Warper)           Turns: 1524, Time: 00:05:57

Health: -3/38      AC:  3    Str: 15    XL:     4   Next: 97%
Magic:  11/11      EV:  2    Int: 15    God:
Gold:   75         SH:  0    Dex: 14    Spells: 3/13 levels left

rFire    . . .     SeeInvis .   a - +0 falchion
rCold    . . .     Gourm    .   (no shield)
rNeg     . . .     Faith    .   b - +0 leather armour
rPois    +         Spirit   .   (no helmet)
rElec    .         Reflect  .   (no cloak)
rCorr    .         Harm     .   (no gloves)
MR       .....                  (no boots)
Stlth    ++........             (no amulet)
HPRegen  0.12/turn              k - ring of poison resistance
MPRegen  0.12/turn              (no ring)

@: paralysed, berserk cooldown, flying, very slightly contaminated, slowed
A: distributed training, fangs 1, strong nose
a: no special abilities


You were on level 3 of the Dungeon.
You were not hungry.

You visited 1 branch of the dungeon, and saw 3 of its levels.

You collected 75 gold pieces.

Inventory:

Hand Weapons
 a - a +0 falchion (weapon)
Missiles
 e - 5 tomahawks of dispersal (quivered)
Armour
 b - a +0 leather armour (worn)
Jewellery
 k - a ring of poison resistance (left hand)
Scrolls
 c - 2 scrolls of remove curse
 d - 2 scrolls of blinking
 g - a scroll of fog
 j - 3 scrolls of random uselessness
 m - a scroll of identify
 n - a scroll of fear
Potions
 h - a potion of berserk rage
 o - a potion of flight
Comestibles
 f - 5 rations
 i - a chunk of flesh


   Skills:
 + Level 4.7 Fighting
 + Level 1.2 Short Blades
 + Level 4.7 Long Blades
 + Level 1.2 Axes
 + Level 1.2 Maces & Flails
 + Level 1.2 Polearms
 + Level 1.2 Staves
 + Level 1.2 Slings
 + Level 1.2 Bows
 + Level 1.2 Crossbows
 + Level 2.8 Throwing
 + Level 2.8 Armour
 + Level 4.7 Dodging
 + Level 1.2 Stealth
 + Level 1.2 Shields
 + Level 1.2 Unarmed Combat
 + Level 5.1 Spellcasting
 + Level 1.0 Conjurations
 + Level 1.0 Hexes
 + Level 1.0 Charms
 + Level 1.0 Summonings
 + Level 1.0 Necromancy
 + Level 5.5 Translocations
 + Level 1.0 Transmutations
 + Level 1.0 Fire Magic
 + Level 1.0 Ice Magic
 + Level 1.0 Air Magic
 + Level 1.0 Earth Magic
 + Level 1.0 Poison Magic
 + Level 1.4 Invocations
 + Level 1.2 Evocations


You had 3 spell levels left.
You knew the following spells:

 Your Spells              Type           Power        Failure   Level  Hunger
a - Blink                 Tloc           N/A          3%          2    ##.....
b - Shroud of Golubria    Chrm/Tloc      ##........   8%          2    ##.....
c - Lesser Beckoning      Tloc           ###.......   6%          3    ###....
d - Teleport Other        Tloc           ###.....     6%          3    ###....

Your spell library contained the following spells:

 Spells                   Type           Power        Failure   Level  Hunger
 Gell's Gravitas          Tloc           ###.......   6%          3    ###....
 Passage of Golubria      Tloc           N/A          21%         4    ####...


Dungeon Overview and Level Annotations

Branches:
Dungeon (3/15)

Altars:
Makhleb
The Shining One

Annotations:
D:3 Grinder


Innate Abilities, Weirdness & Mutations

Your experience applies equally to all skills.
You have very sharp teeth.
Your uncanny sense of smell can sniff out nearby items.


Message History

Grinder is lightly wounded.
Grinder completely misses you.
You barely miss Grinder.
Grinder is lightly wounded.
You flicker for a moment.
Grinder blinks!
Grinder gestures at you. You resist with significant effort.
Grinder misses you. Grinder hits you.
* * * LOW HITPOINT WARNING * * *
You writhe in agony.
* * * LOW HITPOINT WARNING * * *
Unknown command.
Grinder gestures at you.
You suddenly lose the ability to move!
You flicker back into view.
Grinder blinks!
Grinder gestures at you. Pain shoots through your body!
You die...

#....§§§.§.####.######.# #.
+.....§.§§..........>#.###.
#...§.§§§§......#### #.....
#...§.§.§#.###..# ######
#....§..§#.###..#
#####§#.#.......#
#.#.######.## #.#.######.#
#.?..§@.##.# ###5######.#
###########.# #...........#
#.########### #.# #.# ###
#.## ∆ #.#####..+∆ ∆


You could see Grinder.

Vanquished Creatures
  A hound (D:3)
  4 adders
  A ball python (D:1)
  4 giant cockroaches
  8 goblins
  5 hobgoblins
  5 jackals
  7 kobolds
  4 bats
  3 frilled lizards (D:1)
  4 rats
46 creatures vanquished.

Notes
Turn   | Place    | Note
-------+----------+-------------------------------------------
     0 | D:1      | LostNumber the Gnoll Warper began the quest for the Orb.
     0 | D:1      | Reached XP level 1. HP: 20/20 MP: 6/6
    94 | D:1      | Reached XP level 2. HP: 25/26 MP: 7/7
   100 | D:1      | Learned a level 2 spell: Blink
   103 | D:1      | Learned a level 2 spell: Shroud of Golubria
   705 | D:1      | Reached skill level 5 in Spellcasting
   705 | D:1      | Reached XP level 3. HP: 26/31 MP: 7/9
   710 | D:1      | Learned a level 3 spell: Lesser Beckoning
   714 | D:1      | Learned a level 3 spell: Teleport Other
   777 | D:2      | Reached skill level 1 in Invocations
   960 | D:2      | Reached skill level 1 in Short Blades
   960 | D:2      | Reached skill level 1 in Axes
   960 | D:2      | Reached skill level 1 in Maces & Flails
   960 | D:2      | Reached skill level 1 in Polearms
   960 | D:2      | Reached skill level 1 in Staves
   960 | D:2      | Reached skill level 1 in Slings
   960 | D:2      | Reached skill level 1 in Bows
   960 | D:2      | Reached skill level 1 in Crossbows
   960 | D:2      | Reached skill level 1 in Stealth
   960 | D:2      | Reached skill level 1 in Shields
   960 | D:2      | Reached skill level 1 in Unarmed Combat
   960 | D:2      | Reached skill level 1 in Evocations
  1079 | D:2      | Reached XP level 4. HP: 38/38 MP: 11/11
  1090 | D:2      | Found a glowing golden altar of the Shining One.
  1251 | D:3      | Found a burning altar of Makhleb.
  1256 | D:3      | Reached skill level 1 in Conjurations
  1256 | D:3      | Reached skill level 1 in Hexes
  1256 | D:3      | Reached skill level 1 in Charms
  1256 | D:3      | Reached skill level 1 in Summonings
  1256 | D:3      | Reached skill level 1 in Necromancy
  1256 | D:3      | Reached skill level 1 in Transmutations
  1256 | D:3      | Reached skill level 1 in Fire Magic
  1256 | D:3      | Reached skill level 1 in Ice Magic
  1256 | D:3      | Reached skill level 1 in Air Magic
  1256 | D:3      | Reached skill level 1 in Earth Magic
  1256 | D:3      | Reached skill level 1 in Poison Magic
  1324 | D:3      | Noticed Grinder
  1506 | D:3      | Paralysed by Grinder for 4 turns
  1521 | D:3      | Paralysed by Grinder for 7 turns
  1524 | D:3      | Killed from afar by Grinder

Skill      XL: |  1  2  3  4 |
---------------+-------------+-----
Spellcasting   | 5 |  5.1
Invocations    | 1 |  1.4
Short Blades   | 1 |  1.2
Axes           | 1 |  1.2
Maces & Flails | 1 |  1.2
Polearms       | 1 |  1.2
Staves         | 1 |  1.2
Slings         | 1 |  1.2
Bows           | 1 |  1.2
Crossbows      | 1 |  1.2
Stealth        | 1 |  1.2
Shields        | 1 |  1.2
Unarmed Combat | 1 |  1.2
Evocations     | 1 |  1.2
Conjurations   | 1 |  1.0
Hexes          | 1 |  1.0
Charms         | 1 |  1.0
Summonings     | 1 |  1.0
Necromancy     | 1 |  1.0
Transmutations | 1 |  1.0
Fire Magic     | 1 |  1.0
Ice Magic      | 1 |  1.0
Air Magic      | 1 |  1.0
Earth Magic    | 1 |  1.0
Poison Magic   | 1 |  1.0
Fighting       | |  4.7
Long Blades    | |  4.7
Throwing       | |  2.8
Armour         | |  2.8
Dodging        | |  4.7
Translocations | |  5.5

Action                   |  1- 3 |  4- 6 || total
-------------------------+-------+-------++-------
Melee: Falchion          |    82 |    38 ||   120
       Bite              |    15 |     7 ||    22
 Cast: Shroud of Golubri |     1 |       ||     1
  Use: Scroll            |       |     4 ||     4
       Potion            |       |     4 ||     4
 Stab: Sleeping          |     1 |     1 ||     2
  Eat: Chunk             |     1 |     1 ||     2
Armor: Leather armour    |    25 |     8 ||    33
Dodge: Dodged            |    98 |    30 ||   128
       Rpst.: Falchion   |    29 |    12 ||    41
